 Dungeon Crawl Stone Soup version 0.31.0-9-g3a7656b989 (webtiles) character file.

Game seed: 7902902701664666224

39358 Chiseanne the Fighter (level 13, -6/113 HPs)
             Began as a Demonspawn Wanderer on Feb 3, 2024.
             Was an Initiate of Gozag.
             Mangled by a tyrant leech (18 damage)
             ... on level 5 of the Lair of Beasts.
             The game lasted 00:49:36 (23610 turns).

Chiseanne the Fighter (Demonspawn Wanderer)        Turns: 23610, Time: 00:49:36

Health: -6/113     AC: 17    Str: 21    XL:     13   Next: 68%
Magic:  14/14      EV: 22    Int: 13    God:    Gozag
Gold:   2475       SH:  0    Dex: 25    Spells: 14/14 levels left

rFire   . . .        a - +5 whip (elec)
rCold   + . .        (no shield)
rNeg    . . .        V - +1 ring mail {rC+}
rPois   .            e - +1 helmet
rElec   .            O - +2 cloak
rCorr   .            (gloves unavailable)
SInv    .            x - +1 pair of boots
Will    .....        (no amulet)
Stlth   ++++         A - +6 ring of dexterity
HPRegen 0.38/turn    p - +6 ring of strength
MPRegen 0.14/turn

%: no passive effects
@: gold aura
A: thin skeletal structure 2, demonic guardian 1, demonic magic 1, demonic touch
3
a: Renounce Religion, Potion Petition, Call Merchant, Bribe Branch


You were on level 5 of the Lair of Beasts.
You worshipped Gozag.
Gozag was most pleased with you.
You visited 4 branches of the dungeon, and saw 20 of its levels.

You collected 3422 gold pieces.
You spent 51 gold pieces at shops.
You paid 896 gold pieces to Gozag.

Inventory:

Hand Weapons
 a - a +5 whip of electrocution (weapon)
 d - a +2 scimitar of freezing
 g - a +5 eveningstar
 n - the +6 dagger of the Key {pain, Fly rPois Int+3}
   (You took it off an orc on level 6 of the Dungeon)

   Int+3:     It affects your intelligence (+3).
   rPois:     It protects you from poison Fly: It grants you flight.
 s - a +3 hand axe of venom
 K - a +3 battleaxe of freezing
 Q - the +1 mace "Poopef" {freeze, rElec rPois Int-4 SInv}
   (You found it on level 10 of the Dungeon)

   Int-4:     It affects your intelligence (-4).
   rElec:     It insulates you from electricity.
   rPois:     It protects you from poison SInv: It lets you see invisible.
Missiles
 h - 128 stones
 k - 4 curare-tipped darts (quivered)
 m - 2 boomerangs
 B - 18 poisoned darts
 F - 2 throwing nets
 P - 8 javelins
 R - 4 atropa-tipped darts
Armour
 e - a +1 helmet (worn)
 x - a +1 pair of boots (worn)
 O - a +2 cloak (worn)
 V - a +1 ring mail of cold resistance (worn)
Jewellery
 f - a ring of protection from fire
 p - a +6 ring of strength (right hand)
 w - a ring of fire
 A - a +6 ring of dexterity (left hand)
 E - an amulet of faith
 M - an amulet of magic regeneration
Talismans
 b - a maw talisman
Wands
 D - a wand of paralysis (15)
 H - a wand of mindburst (20)
 J - a wand of acid (14)
 S - a wand of flame (1)
Scrolls
 l - 9 scrolls of identify
 o - 5 scrolls of teleportation
 t - 3 scrolls of poison
 u - a scroll of fear
 y - a scroll of enchant weapon
 G - a scroll of fog
 I - 5 scrolls of amnesia
 X - 3 scrolls of blinking
Potions
 c - 3 potions of mutation
 i - 2 potions of brilliance
 j - 3 potions of enlightenment
 q - 2 potions of cancellation
 r - 4 potions of lignification
 v - 5 potions of curing
 z - 5 potions of resistance
 C - a potion of invisibility
 L - 5 potions of might
 N - a potion of ambrosia
 W - a potion of haste
 Y - a potion of magic


   Skills:
 * Level 14.1 Fighting
 - Level 4.5 Throwing
 * Level 12.5 Armour
 * Level 12.8 Dodging
 - Level 1.0 Stealth
 - Level 1.0 Spellcasting
 - Level 1.1 Necromancy


You had 14 spell levels left.
You didn't know any spells.
Your spell library contained the following spells:

 Spells                   Type           Power      Damage    Failure   Level
 Necrotise                Necr           12%        1d4       26%         1
 Magic Dart               Conj           0%         1d3       38%         1
 Summon Small Mammal      Summ           0%         N/A       38%         1
 Cigotuvi's Dreadful Rot  Necr/Alch/Air  2%         N/A       47%         2
 Blink                    Tloc           0%         N/A       52%         2
 Call Imp                 Summ           0%         N/A       52%         2
 Static Discharge         Conj/Air       0%         3-3/arc   52%         2
 Fugue of the Fallen      Necr           3%         N/A       61%         3
 Call Canine Familiar     Summ           0%         N/A       77%         3
 Sigil of Binding         Hex            0%         N/A       77%         3
 Summon Ice Beast         Ice/Summ       0%         N/A       77%         3
 Tukima's Dance           Hex            0%         N/A       77%         3
 Dispel Undead            Necr           3%         3d7       95%         4
 Martyr's Knell           Necr/Summ      2%         N/A       97%         4
 Airstrike                Air            0%         2d(0-16)  99%         4
 Dimensional Bullseye     Hex/Tloc       0%         N/A       99%         4
 Iskenderun's Mystic Bla  Conj/Tloc      0%         2d3       99%         4
 Summon Blazeheart Golem  Fire/Summ      0%         N/A       99%         4
 Summon Lightning Spire   Summ/Air       0%         N/A       99%         4
 Summon Mana Viper        Hex/Summ       0%         N/A       100%        5
 Death Channel            Necr           1%         N/A       100%        6
 Monstrous Menagerie      Summ           0%         N/A       100%        7


Dungeon Overview and Level Annotations

Branches:
Dungeon (12/15)            Temple (1/1) D:7            Lair (5/5) D:9
  Swamp (0/4) Lair:3       Spider (0/4) Lair:2        Slime (0/5) Lair:4
    Orc (2/2) D:11
    Elf: Orc:2

Altars:
Ashenzari
Cheibriados
Dithmenos
Fedhas
Gozag
Hepliaklqana
Kikubaaqudgha
Makhleb
Nemelex Xobeh
Okawaru
Qazlal
Ru
Sif Muna
Trog
Uskayaw
Vehumet
Wu Jian
Xom
Yredelemnul
Jiyva

Shops:
D:12 ?   Orc:2 *

Annotations:
D:5 2 transporters, Axelsxxd's ghost, novice OpFi
D:12 Azrael
Lair:1 3 runed translucent doors, Bukhlaj's ghost, journeyman HOFi; Kenran's ghost, journeyman OnGl; Kuidesed's ghost, journeyman DrCj; Taxzan's ghost, journeyman MiGl; raetorn's ghost, journeyman TrSh


Innate Abilities, Weirdness & Mutations

You have a moderately thin skeletal structure. (Dex +4, Stealth++)
A weak demonic guardian rushes to your aid.
Spells you cast may paralyse adjacent enemies.
Your touch may irresistibly damage your foes and sap their willpower.


Message History

The lindwurm misses you. The lindwurm barely misses you.
The lindwurm closely misses you.
Your white imp barely misses the lindwurm.
You hit the lindwurm.
Lightning courses through the lindwurm!!
You touch the lindwurm!
You kill the lindwurm!
Your white imp gestures at the tyrant leech.
The puff of frost hits the tyrant leech!
You hit the tyrant leech. Your touch misses the tyrant leech.
The tyrant leech is moderately wounded.
The tyrant leech is distracted by your dazzling golden aura.
Your white imp gestures at the tyrant leech.
The puff of frost hits the tyrant leech.
The tyrant leech is no longer distracted by gold.
You whack the tyrant leech!
The tyrant leech is moderately wounded.
The tyrant leech is no longer distracted by gold.
The tyrant leech bites you!
The tyrant leech draws strength from your injuries!
The tyrant leech barely misses you.
Your white imp barely misses the tyrant leech.
You hit the tyrant leech.
You touch the tyrant leech!
You sap its willpower!
The tyrant leech is heavily wounded.
The tyrant leech bites you but does no damage.
Your white imp closely misses the tyrant leech.
The tyrant leech misses you.
You closely miss the tyrant leech.
The tyrant leech is heavily wounded.
Your white imp hits the tyrant leech but does no damage.
The tyrant leech is distracted by your dazzling golden aura.
The tyrant leech bites you!!
* * * LOW HITPOINT WARNING * * *
The tyrant leech draws strength from your injuries!
You miss the tyrant leech.
The tyrant leech is no longer distracted by gold.
The tyrant leech is heavily wounded.
The tyrant leech bites you!!
You die...
Your body crumbles into a pile of gold.

##### # ###.P.#
####..
#.....######.....
...#.....##....P
..####....#..#
### ##.....######
.## ###.....##@##
..### ##....5w#w#
....# #.#.......#
#.P##
####....#...#
....###
#...#.##...#
...#..# #...#.##
#...⌠
......##.P..#.##
#... .PPP.##PPP.#
# #.. .PP#####!..
..


You could see 2 tyrant leeches and a friendly white imp (summoned).

Vanquished Creatures
  Erica (D:8)
  2 hydras
  2 boulder beetles (D:12)
  4 death yaks (Lair:4)
  An orc high priest (D:11)
  Urug (Lair:2)
  A skyshark (Lair:4)
  A lindwurm (Lair:5)
  A deep elf pyromancer (D:7)
  A manticore (D:9)
  5 black mambas
  8 cane toads
  3 torpor snails (Lair:5)
  A gargoyle (D:10)
  An unseen horror (D:12)
  16 komodo dragons
  2 rime drakes
  2 kobold demonologists
  4 hornets
  3 trolls
  2 tyrant leeches (Lair:3)
  7 blink frogs
  A shadow (D:11)
  A vampire (D:10)
  5 wyverns
  3 basilisks
  31 yaks
  A fire elemental (D:11)
  A steam dragon (D:9)
  4 wargs
  5 vampire mosquitoes
  2 swamp worms (Lair:3)
  2 acid dragons
  11 orc warriors
  9 water moccasins
  3 ice beasts
  A sky beast (D:6)
  A black bear (D:7)
  7 wolves
  4 centaurs
  3 ogres
  A phantom (D:6)
  5 kobold brigands
  11 bullfrogs
  4 scorpions
  8 wights
  8 killer bees
  2 howler monkeys
  A lava snake (D:9)
  A bombardier beetle (D:5)
  3 hounds
  2 jellies
  2 orc priests
  2 gnoll boudas (D:8)
  Jessica (D:2)
  7 iguanas
  A sleepcap (D:5)
  Terence (D:2)
  12 orc wizards
  Natasha (twice) (D:2)
  4 hell rats (Lair:1)
  23 gnolls
  7 adders
  2 white imps
  2 ufetubi (D:6)
  A dart slug (D:3)
  47 orcs
  7 endoplasms
  4 giant cockroaches
  4 goblins
  8 hobgoblins
  3 jackals (D:1)
  3 quokkas
  10 ball pythons
  9 bats
  A frilled lizard (D:2)
  16 kobolds
  7 rats
  A butterfly (Lair:3)
397 creatures vanquished.

Vanquished Creatures (collateral kills)
  Rupert (Lair:4)
  A black mamba (Lair:5)
  An unseen horror (D:12)
  A blink frog (Lair:4)
  2 yaks
  A fire elemental (D:11)
  An ogre (D:11)
  A killer bee (D:7)
  An electric eel (Lair:4)
  A hound (D:6)
  2 hell rats (Lair:1)
  A gnoll (D:8)
  An orc (D:6)
  3 kobolds (D:7)
18 creatures vanquished.

Vanquished Creatures (others)
  An orc wizard (D:3)
  An orc (D:5)
2 creatures vanquished.

Grand Total: 417 creatures vanquished

Notes
Turn   | Place    | Note
-------+----------+-------------------------------------------
     0 | D:1      | Chiseanne the Demonspawn Wanderer began the quest for the
                  | Orb.
     0 | D:1      | Chiseanne set off with the following items: a +2 dagger, 4
                  | curare-tipped darts, a potion of mutation, a potion of
                  | invisibility, a +0 robe; and the following spell memorised:
                  | Necrotise; and the following spells available to memorise:
                  | Fugue of the Fallen.
     0 | D:1      | Reached XP level 1. HP: 15/15 MP: 2/2
    76 | D:2      | Noticed Jessica
    76 | D:2      | Found a faded altar of an unknown god.
   218 | D:2      | Gained mutation: Your touch may inflict minor irresistible
                  | damage on your foes. [demonic ancestry]
   218 | D:2      | Reached XP level 2. HP: 17/22 MP: 3/3
   222 | D:2      | Killed Jessica
   223 | D:2      | Reached skill level 2 in Fighting
   223 | D:2      | Reached XP level 3. HP: 18/28 MP: 4/4
   807 | D:1      | Reached XP level 4. HP: 24/34 MP: 5/5
  1279 | D:2      | Reached skill level 3 in Fighting
  1427 | D:2      | Noticed Natasha
  1437 | D:2      | Killed Natasha
  1438 | D:2      | Reached skill level 1 in Armour
  1438 | D:2      | Reached XP level 5. HP: 41/41 MP: 6/6
  1458 | D:2      | Noticed Terence
  1548 | D:2      | Killed Terence
  1760 | D:2      | Noticed Natasha
  1769 | D:2      | Killed Natasha
  2073 | D:3      | Gained mutation: Your touch may inflict irresistible damage
                  | on your foes. [demonic ancestry]
  2073 | D:3      | Reached XP level 6. HP: 26/48 MP: 7/7
  2462 | D:3      | Found an iron altar of Okawaru.
  2462 | D:3      | Found a sparkling altar of Nemelex Xobeh.
  3144 | D:4      | Reached skill level 4 in Fighting
  3499 | D:4      | Gained mutation: A weak demonic guardian rushes to your
                  | aid. [demonic ancestry]
  3499 | D:4      | Reached XP level 7. HP: 34/55 MP: 8/8
  3942 | D:5      | Entered Level 5 of the Dungeon
  3948 | D:5      | Reached skill level 5 in Fighting
  4017 | D:5      | Found a transporter.
  4057 | D:5      | Found a transporter.
  4112 | D:5      | Reached skill level 5 in Dodging
  4190 | D:5      | Identified the +0 robe "Siuduiz" {rPois rN+ Str-5 Dex+4}
  4202 | D:5      | Gained mutation: You have a somewhat thin skeletal
                  | structure. (Dex +2, Stealth+) [demonic ancestry]
  4202 | D:5      | Reached XP level 8. HP: 56/63 MP: 9/9
  4214 | D:5      | Noticed Axelsxxd's ghost (novice OpFi)
  4939 | D:6      | Reached skill level 6 in Fighting
  4980 | D:6      | Identified the +6 dagger of the Key {pain, Fly rPois Int+3}
  5047 | D:6      | Reached skill level 5 in Armour
  5565 | D:6      | Found a shimmering blue altar of Sif Muna.
  5643 | D:6      | Found a basalt altar of Yredelemnul.
  5896 | D:7      | HP: 4/97 [poisoned by a killer bee]
  5897 | D:7      | Reached skill level 7 in Fighting
  6206 | D:7      | Gained mutation: Your touch may irresistibly damage your
                  | foes and sap their willpower. [demonic ancestry]
  6206 | D:7      | Reached XP level 9. HP: 18/72 MP: 10/10
  6741 | D:7      | Found a bloodstained altar of Trog.
  6912 | D:7      | Noticed a deep elf pyromancer
  7189 | D:7      | Found a staircase to the Ecumenical Temple.
  7202 | Temple   | Entered the Ecumenical Temple
  7229 | Temple   | Became a worshipper of Gozag Ym Sagoz the Greedy
  7445 | D:7      | Killed a deep elf pyromancer
  7854 | D:8      | Reached skill level 8 in Fighting
  7867 | D:8      | Noticed Erica
  7888 | D:8      | Killed Erica
  7953 | D:8      | Gained mutation: You have a moderately thin skeletal
                  | structure. (Dex +4, Stealth++) [demonic ancestry]
  7953 | D:8      | Reached XP level 10. HP: 26/82 MP: 11/11
  9049 | D:9      | Noticed a manticore
  9065 | D:9      | Reached skill level 9 in Fighting
  9072 | D:9      | Killed a manticore
  9887 | D:9      | Noticed an orange demon
  9955 | D:9      | Noticed a sun demon
 10396 | D:9      | Found a staircase to the Lair.
 10861 | D:10     | Entered Level 10 of the Dungeon
 10990 | D:10     | Reached skill level 10 in Fighting
 11210 | D:10     | Identified the +1 mace "Poopef" {freeze, rElec rPois Int-4
                  | SInv}
 11227 | D:10     | Gained mutation: Spells you cast may paralyse adjacent
                  | enemies. [demonic ancestry]
 11227 | D:10     | Reached XP level 11. HP: 85/90 MP: 12/12
 11842 | D:10     | Found an ancient bone altar of Kikubaaqudgha.
 12805 | D:11     | Found a staircase to the Orcish Mines.
 13430 | D:12     | Noticed a boulder beetle
 13612 | D:12     | Noticed a boulder beetle
 13638 | D:12     | Killed a boulder beetle
 13639 | D:12     | Reached skill level 11 in Fighting
 13639 | D:12     | Reached skill level 10 in Dodging
 13855 | D:12     | Bought a scroll of teleportation for 51 gold pieces
 13884 | D:12     | Killed a boulder beetle
 14487 | D:12     | Noticed Azrael
 14781 | Orc:1    | Entered Level 1 of the Orcish Mines
 14781 | Orc:1    | Noticed an orc high priest
 15166 | D:11     | Killed an orc high priest
 15167 | D:11     | Reached skill level 10 in Armour
 15519 | Orc:2    | Entered Level 2 of the Orcish Mines
 15519 | Orc:2    | Noticed an orc warlord
 15519 | Orc:2    | Found Aruss's General Store.
 15742 | Lair:1   | Entered Level 1 of the Lair of Beasts
 15836 | Lair:1   | Reached XP level 12. HP: 49/101 MP: 13/13
 16894 | Lair:1   | Found a runed translucent gate.
 16894 | Lair:1   | Found a runed translucent gate.
 16909 | Lair:1   | Found a runed translucent gate.
 16911 | Lair:1   | Noticed Kuidesed's ghost (journeyman DrCj)
 16911 | Lair:1   | Noticed Taxzan's ghost (journeyman MiGl)
 16913 | Lair:1   | Noticed raetorn's ghost (journeyman TrSh)
 16913 | Lair:1   | Noticed Bukhlaj's ghost (journeyman HOFi)
 16914 | Lair:1   | Noticed Kenran's ghost (journeyman OnGl)
 17272 | Lair:2   | Reached skill level 12 in Fighting
 17413 | Lair:2   | Noticed Urug
 17434 | Lair:2   | Killed Urug
 17534 | Lair:2   | HP: 4/102 [komodo dragon (17)]
 17925 | Lair:2   | Found a hole to the Spider Nest.
 19694 | Lair:3   | Reached skill level 13 in Fighting
 20200 | Lair:3   | Found a staircase to the Swamp.
 20552 | Lair:3   | Reached XP level 13. HP: 111/111 MP: 14/14
 21269 | Lair:4   | Noticed Rupert
 21275 | Lair:4   | Paralysed by Rupert for 5 turns
 21501 | Lair:4   | Found a viscous altar of Jiyva.
 21501 | Lair:4   | Found a staircase to the Slime Pits.
 21709 | Lair:4   | Paralysed by Rupert for 2 turns
 21729 | Lair:4   | Killed Rupert
 22846 | Lair:5   | Entered Level 5 of the Lair of Beasts
 23341 | Lair:5   | Reached skill level 14 in Fighting
 23610 | Lair:5   | Mangled by a tyrant leech

Illustrated notes

Levels and vault maps discovered:
D:1:      dpeg_arrival_tiny_b, layout_basic, chequers_serial_rivers_micro_a
D:2:      layout_loops_cross, shapermc_ecumenical_altar_notcrosses,
          serial_glass, glass_columns_a, glass_columns_b, glass_columns_c,
          glass_columns_a, uniq_natasha, uniq_jessica, uniq_terence
D:3:      layout_basic, nicolae_overflow_two_pavilions, grunt_ministairs_5
D:4:      layout_basic
D:5:      layout_cave_pools, nicolae_tso_swordbearing_angel,
          gammafunk_ghost_abyssal_escape
D:6:      layout_gridville, lemuel_coloured_pillars_altar,
          lemuel_blue_sif_altar, reono_crystal_passage, minivault_24,
          minmay_curled_crystal, dreamdust_gnoll_farm
D:7:      layout_gridville, marbit_many_paths, minmay_temple_entry_glassed_door,
          chequers_serial_rivers_micro_a, mrwooster_statue_mirror,
          hangedman_decor_clover_reticule, guppyfry_early_elven_hall
D:8:      layout_loops_cross, roderic_lattice_a, uniq_erica
D:9:      layout_basic, lair_entry_dummy, kennysheep_crisscross
D:10:     layout_basic, kiku_gazebo_pond_becter, minmay_quadrilaterals
D:11:     layout_loops_ring, david_orc_1_choice
D:12:     layout_long_grid, nicolae_nh_oracle_at_delphi, uniq_azrael
Temple:   regret_index_temple_waves
Lair:1:   layout_gridlike, gammafunk_ghost_cemetery
Lair:2:   layout_loops_ring, spider_nest_entry_web_field, beast_lair_carwin_3,
          uniq_urug
Lair:3:   layout_layer_cave, minmay_swamp_entry_worms, lemuel_fruit_fields
Lair:4:   layout_regular_city, slime_entry_1, serial_bayou_shore_a, uniq_rupert
Lair:5:   hangedman_lair_caniforms_friends, layout_misc_corridors, wormcave,
          chequers_serial_rivers_small_3, st_stairs_3, grunt_megastairs_3
Orc:1:    layout_caves, nicolae_orc_flooded_monolith
Orc:2:    st_orc_elflike, layout_caves, serial_shops, shop

Skill      XL: |  1  2  3  4  5  6  7  8  9 10 11 12 13 |
---------------+----------------------------------------+-----
Fighting       | 2 3 4 5 7 8 10 11 13 14 | 14.1
Dodging        | 2 3 4 5 6 7 9 10 11 12 | 12.8
Armour         | 1 2 4 5 7 8 10 11 12 | 12.5
Throwing       | |  4.5
Stealth        | |  1.0
Spellcasting   | |  1.0
Necromancy     | |  1.1

Action                     |  1- 3 |  4- 6 |  7- 9 | 10-12 | 13-15 || total
---------------------------+-------+-------+-------+-------+-------++-------
  Melee: Dagger            |    58 |   162 |   273 |   296 |       ||   789
         Touch             |     9 |    35 |    72 |   181 |    57 ||   354
         Punch             |       |     1 |     3 |    11 |     2 ||    17
         Whip              |       |       |     8 |    96 |   183 ||   287
         Hand axe          |       |       |       |   317 |    76 ||   393
         Battleaxe         |       |       |       |    11 |       ||    11
  Throw: Dart              |       |     2 |     2 |    21 |     4 ||    29
         Stone             |       |       |     2 |       |     2 ||     4
         Boomerang         |       |       |       |     7 |       ||     7
 Invoke: Call Merchant     |       |       |       |     1 |       ||     1
  Evoke: Wand              |       |       |     4 |     1 |     3 ||     8
    Use: Scroll            |     4 |     8 |    10 |    13 |     5 ||    40
         Potion            |       |       |     7 |     5 |     2 ||    14
   Stab: Sleeping          |       |     1 |     2 |    16 |     2 ||    21
         Invisible         |       |       |     3 |       |       ||     3
         Distracted        |       |       |       |     6 |       ||     6
 Armour: Robe              |    20 |       |       |   220 |       ||   240
         Ring mail         |     9 |    99 |   247 |   277 |   179 ||   811
         Skin              |       |       |    33 |       |       ||    33
  Dodge: Dodged            |    46 |    93 |   234 |   867 |   328 ||  1568
